 Dungeon Crawl Stone Soup version 0.31.0-9-g3a7656b989 (webtiles) character file.

Game seed: 3414787294882497327

1235 qw the Nimble (level 8, -2/40 HPs)
             Began as a Spriggan Hunter on Feb 3, 2024.
             Was an Initiate of Okawaru.
             Incinerated by a bombardier beetle (5 damage)
             ... with a burning spray
             ... on level 6 of the Dungeon.
             The game lasted 00:00:45 (4258 turns).

qw the Nimble (Spriggan Hunter)                     Turns: 4258, Time: 00:00:46

Health: -2/40      AC:  2    Str:  7    XL:     8   Next: 24%
Magic:  9/9        EV: 24    Int: 10    God:    Okawaru [......]
Gold:   389        SH:  0    Dex: 21    Spells: 7/7 levels left

rFire   . . .        a - +0 shortbow
rCold   . . .        (shield currently unavailable)
rNeg    + . .        c - +0 robe
rPois   .            (helmet restricted)
rElec   .            (no cloak)
rCorr   .            (gloves unavailable)
SInv    +            (boots unavailable)
Will    +....        l - amulet of faith
Stlth   +            i - ring of positive energy
HPRegen 0.26/turn    (no ring)
MPRegen 0.11/turn

%: faith
@: on fire, glowing, very quick
A: very small, no large weapons, unfitting armour, see invisible, speed 3
a: Renounce Religion


You were on level 6 of the Dungeon.
You worshipped Okawaru.
Okawaru was noncommittal.
You visited 2 branches of the dungeon, and saw 7 of its levels.

You collected 389 gold pieces.


Innate Abilities, Weirdness & Mutations

You are very small and have problems with some larger weapons.
You are too small for most types of armour.
You have supernaturally acute eyesight. (SInv)
You cover ground extremely quickly. (Speed+++)


   Skills:
 - Level 3.0 Fighting
 + Level 8.2 Ranged Weapons
 - Level 8.4 Dodging
 - Level 1.5 Stealth


You had 7 spell levels left.
You didn't know any spells.
Your spell library was empty.

Inventory:

Hand Weapons
 a - a +0 shortbow (weapon)
Armour
 c - a +0 robe (worn)
Jewellery
 i - a ring of positive energy (left hand)
 l - an amulet of faith (around neck)
Wands
 b - a wand of paralysis (8)
 j - a wand of quicksilver (3)
 n - a wand of flame (36)
Scrolls
 e - a scroll of enchant armour
 k - a scroll of teleportation
Potions
 d - 2 potions of might
 f - a potion of resistance
 g - a potion of mutation
 h - 2 potions of curing

Dungeon Overview and Level Annotations

Branches:
Dungeon (6/15)             Temple (1/1) D:5

Altars:
Ashenzari
Dithmenos
Fedhas
Gozag
Hepliaklqana
Makhleb
Nemelex Xobeh
Okawaru
Qazlal
Ru
Uskayaw
Vehumet
Wu Jian
Xom
Zin

Annotations:
D:5 1 runed translucent door, Crazy Yiuf


Message History

You shoot an arrow.
The arrow barely misses the bombardier beetle.
You shoot an arrow.
The arrow barely misses the bombardier beetle.
You shoot an arrow. The arrow hits the bombardier beetle.
You kill the bombardier beetle!
Okawaru accepts your kill.
A bombardier beetle comes into view.
You shoot an arrow. The arrow hits the bombardier beetle.
The bombardier beetle is moderately wounded.
You shoot an arrow. The arrow hits the bombardier beetle.
The bombardier beetle is heavily wounded.
The bombardier beetle sprays incendiary fluid at you.
The burning spray hits you.
You are covered in liquid fire!
You shoot an arrow. The arrow hits the bombardier beetle!
You kill the bombardier beetle!
Okawaru accepts your kill. The liquid fire burns you!
You are on fire!
The liquid fire burns you!
You are on fire!
The liquid fire burns you!
You are on fire!
The liquid fire burns you!
You are on fire!
The liquid fire burns you!
You are on fire!
The liquid fire burns you!
You are on fire!
The liquid fire burns you!
You are on fire!
The liquid fire burns you!
You are on fire!
The liquid fire burns you!
You are on fire!
The liquid fire burns you!
You are on fire!
The liquid fire burns you!
You die...

### ..#
######.#
###+#...<#.#
#.....#..#.#
#.......##@###
#..".........#
#.....####.#.#
#..... ..#.%.
####.. ### .#7
.. .. ### .7
.+


There were no monsters in sight!

Vanquished Creatures
  Sigmund (D:3)
  Eustachio (D:5)
  An ice beast (D:5)
  A black bear (D:5)
  An ogre (D:4)
  A phantom (D:4)
  A scorpion (D:5)
  3 bombardier beetles
  4 hounds
  2 jellies (D:4)
  Terence (D:3)
  A sleepcap (D:5)
  Natasha (thrice) (D:4)
  An orc wizard (D:3)
  5 adders
  4 dart slugs
  2 ribbon worms
  4 orcs
  5 ball pythons
  11 endoplasms
  5 giant cockroaches
  8 goblins
  7 hobgoblins
  6 kobolds
  A quokka (D:2)
  5 bats
  5 frilled lizards
  4 rats
94 creatures vanquished.

Notes
Turn   | Place    | Note
-------+----------+-------------------------------------------
     0 | D:1      | qw the Spriggan Hunter began the quest for the Orb.
     0 | D:1      | Reached XP level 1. HP: 10/10 MP: 2/2
     0 | D:1      | 0 ||| qw: Version: 0.3-a-155-g5e7d8dd
     0 | D:1      | 0 ||| qw: Game counter: 2986
     0 | D:1      | 0 ||| qw: Melee chars always use a shield: true
     0 | D:1      | 0 ||| qw: God list: Okawaru
     0 | D:1      | 0 ||| qw: Allow faded altars: false
     0 | D:1      | 0 ||| qw: Do Orc after clearing Dungeon:15 true
     0 | D:1      | 0 ||| qw: Do second Lair branch before Depths: true
     0 | D:1      | 0 ||| qw: Lair rune preference: random
     0 | D:1      | 0 ||| qw: Goals: Normal
     0 | D:1      | 0 ||| PLANNING D:1-11
    58 | D:1      | Reached skill level 3 in Dodging
    89 | D:1      | Reached XP level 2. HP: 14/14 MP: 3/3
   463 | D:1      | Reached XP level 3. HP: 18/18 MP: 4/4
   537 | D:1      | You fall into a shaft and drop 1 floor!
   715 | D:2      | 715 ||| READING scroll labelled UWUFRA SOIZALL.
   816 | D:2      | 816 ||| READING 2 scrolls labelled DELOBEKUCS.
   816 | D:2      | 816 ||| IDENTIFYING brown potion
   817 | D:2      | 817 ||| READING scroll of identify.
   817 | D:2      | 817 ||| IDENTIFYING viscous inky potion
   818 | D:2      | 818 ||| READING scroll labelled TERYCV XYGAQ.
   818 | D:2      | 818 ||| ENCHANTING +0 shortbow.
   819 | D:2      | 819 ||| DROPPING scroll of butterflies.
   820 | D:2      | 820 ||| DROPPING potion of degeneration.
  1398 | D:2      | Found a faded altar of an unknown god.
  1611 | D:2      | 1611 ||| READING scroll of identify.
  1611 | D:2      | 1611 ||| IDENTIFYING cyan potion
  1651 | D:3      | Reached XP level 4. HP: 22/22 MP: 5/5
  1683 | D:3      | Found a hide-covered altar of Uskayaw.
  1683 | D:3      | Noticed Sigmund
  1684 | D:3      | 1684 ||| ZAPPING wand of quicksilver (9) at -7,0 (Sigmund;
                  | floor).
  1685 | D:3      | 1685 ||| ZAPPING wand of quicksilver (8) at -6,0 (Sigmund;
                  | floor).
  1685 | D:3      | Killed Sigmund
  1686 | D:3      | Reached XP level 5. HP: 25/25 MP: 6/6
  1746 | D:3      | Found a sacrificial altar of Ru.
  1813 | D:3      | Noticed Terence
  1833 | D:3      | HP: 1/25 [Terence/+0 morningstar (11)]
  1838 | D:3      | Killed Terence
  1940 | D:3      | Reached XP level 6. HP: 30/30 MP: 7/7
  2391 | D:3      | 2391 ||| UPGRADING to amulet of faith.
  2396 | D:3      | 2396 ||| READING 3 scrolls of identify.
  2396 | D:3      | 2396 ||| IDENTIFYING glowing golden potion
  2397 | D:3      | 2397 ||| READING 2 scrolls of identify.
  2397 | D:3      | 2397 ||| IDENTIFYING 2 golden potions
  2398 | D:3      | 2398 ||| READING scroll of identify.
  2398 | D:3      | 2398 ||| IDENTIFYING scroll labelled ANEUNO LAAMM
  2399 | D:3      | 2399 ||| READING scroll labelled HOB YWYPNE.
  2403 | D:3      | 2403 ||| DROPPING scroll of torment.
  2654 | D:4      | Noticed Natasha
  2655 | D:4      | 2655 ||| RETREEEEATING.
  2657 | D:4      | Reached skill level 6 in Ranged Weapons
  2679 | D:4      | HP: 7/30 [Natasha/magic dart (8)]
  2683 | D:4      | Killed Natasha
  2683 | D:4      | HP: 3/30 [orc/+0 flail (5)]
  2684 | D:4      | Reached XP level 7. HP: 3/35 MP: 8/8
  2882 | D:4      | Noticed Natasha
  2893 | D:4      | Killed Natasha
  3048 | D:4      | Noticed Natasha
  3054 | D:4      | Killed Natasha
  3311 | D:4      | 3311 ||| UPGRADING to ring of positive energy.
  3312 | D:4      | 3312 ||| READING scroll of identify.
  3312 | D:4      | 3312 ||| IDENTIFYING blue potion
  3313 | D:4      | 3313 ||| READING scroll labelled OKAYPU JEXO.
  3314 | D:4      | 3314 ||| READING scroll labelled AVVAOKK ZEEMOI.
  3315 | D:4      | 3315 ||| DROPPING potion of berserk rage.
  3376 | D:5      | Entered Level 5 of the Dungeon
  3461 | D:5      | 3461 ||| ZAPPING wand of quicksilver (7) at 1,1 (black
                  | bear; floor).
  3506 | D:5      | Found a staircase to the Ecumenical Temple.
  3507 | D:5      | 3507 ||| PLANNING TEMPLE
  3507 | D:5      | 3507 ||| READING scroll labelled WUECRO WIWUU.
  3517 | Temple   | Entered the Ecumenical Temple
  3518 | Temple   | 3518 ||| PLANNING OKAWARU WORSHIP
  3528 | Temple   | Became a worshipper of Warmaster Okawaru
  3529 | Temple   | 3529 ||| PLANNING D:1-11
  3645 | D:5      | Noticed Eustachio
  3646 | D:5      | 3646 ||| ZAPPING wand of quicksilver (6) at 6,-2
                  | (Eustachio; floor).
  3647 | D:5      | 3647 ||| ZAPPING wand of quicksilver (5) at 6,-2
                  | (Eustachio; floor).
  3648 | D:5      | 3648 ||| RETREEEEATING.
  3649 | D:5      | 3649 ||| RETREEEEATING.
  3650 | D:5      | 3650 ||| ZAPPING wand of quicksilver (4) at 3,-4
                  | (Eustachio; floor).
  3650 | D:5      | Killed Eustachio
  3651 | D:5      | Reached XP level 8. HP: 39/39 MP: 9/9
  3754 | D:5      | 3754 ||| FLEEEEING.
  3764 | D:5      | Reached skill level 3 in Fighting
  4012 | D:5      | Found a runed translucent door.
  4013 | D:5      | Noticed Crazy Yiuf
  4016 | D:5      | 4016 ||| DROPPING ring of flight.
  4017 | D:5      | 4017 ||| DRINKING 2 coppery potions.
  4018 | D:5      | 4018 ||| DROPPING potion of brilliance.
  4061 | D:6      | 4061 ||| PLANNING SEWER
  4064 | D:6      | 4064 ||| FLEEEEING.
  4067 | D:6      | 4067 ||| STAIRDANCE
  4139 | D:6      | 4139 ||| STAIRDANCE
  4255 | D:6      | HP: 10/40 [burnt (3)]
  4257 | D:6      | HP: 2/40 [burnt (3)]
  4258 | D:6      | Incinerated by a bombardier beetle

Levels and vault maps discovered:
D:1:      nzn_arrival_water_spiral, layout_basic
D:2:      layout_basic, ebering_ecumenical_altar_petrified,
          kennysheep_generic_room_13
D:3:      layout_loops_ring, mainiacjoe_overflow_small_starburst,
          amcnicky_altar_gilded, uniq_sigmund, uniq_terence
D:4:      layout_loops_ring, minivault_23, uniq_natasha
D:5:      minmay_general_purpose_star, layout_basic,
          minmay_temple_entry_water_ring, uniq_crazy_yiuf_cottage,
          uniq_eustachio
D:6:      layout_basic, overflow_temple_1_default, elyvilon_altar_3,
          lemuel_zombie_altar_kikubaaqudgha,
          mainiacjoe_overflow_six_doors_small, portal_sewer_entry_e,
          serial_shops, shop
Temple:   hellmonk_temple_forest_ring

Skill      XL: |  1  2  3  4  5  6  7  8 |
---------------+-------------------------+-----
Dodging        | 3 4 7 8 |  8.4
Ranged Weapons | 5 6 8 |  8.2
Fighting       | 2 3 |  3.0
Stealth        | |  1.5

Action                     |  1- 3 |  4- 6 |  7- 9 || total
---------------------------+-------+-------+-------++-------
   Fire: Shortbow          |   103 |   115 |   105 ||   323
  Evoke: Wand              |       |     2 |     4 ||     6
    Use: Scroll            |     5 |     4 |     4 ||    13
         Potion            |       |       |     1 ||     1
 Armour: Robe              |     7 |    15 |    10 ||    32
  Dodge: Dodged            |    25 |    64 |    31 ||   120

Table legend:
 A = Non-vault XP
 B = Vault XP
 C = Vault XP percentage of total XP
 D = Non-vault monster count
 E = Vault monster count
 F = Vault count percentage of total count
                 A         B        C        D         E       F
            +---------+---------+-------+---------+---------+-------
      Total |    1148 |     617 |  35.0 |      86 |       8 |   8.5
            +---------+---------+-------+---------+---------+-------
        D:1 |      52 |       0 |   0.0 |      30 |       0 |   0.0
        D:2 |      34 |       1 |   2.9 |      11 |       1 |   8.3
        D:3 |      94 |     261 |  73.5 |      17 |       2 |  10.5
        D:4 |     535 |      35 |   6.1 |      21 |       1 |   4.5
        D:5 |     337 |     320 |  48.7 |       5 |       4 |  44.4
        D:6 |      96 |       0 |   0.0 |       2 |       0 |   0.0
            +---------+---------+-------+---------+---------+-------
